 Dungeon Crawl Stone Soup version 0.29.1-2-gbd0b4ee654 (webtiles) character file.

Game seed: 802231096882140854

4463 bobbalam the Basher (level 10, 0/136 (138) HPs)
             Began as an Ogre Berserker on Nov 24, 2022.
             Was a Priest of Trog.
             Slain by a hornet (5 damage)
             ... on level 9 of the Dungeon.
             The game lasted 00:09:54 (8109 turns).

bobbalam the Basher (Ogre Berserker)                Turns: 8109, Time: 00:09:55

HP:   0/136 (138)   AC:  8    Str: 23    XL:     10   Next: 37%
MP:   0/10          EV: 10    Int:  8    God:    Trog [***...]
Gold: 431           SH:  0    Dex: 12    Spells: 9/9 levels left

rFire   . . .      SeeInvis .   v - +5 morningstar (holy)
rCold   + . .      Faith    .   (no shield)
rNeg    . . .      Spirit   +   b - +2 animal skin
rPois   .          Reflect  .   (helmet restricted)
rElec   .          Harm     .   (no cloak)
rCorr   .          Rampage  .   (gloves unavailable)
Will    +++..                   (boots unavailable)
Stlth   ..........              o - amulet of guardian spirit
HPRegen 1.32/turn               m - +4 ring of protection
MPRegen 0.12/turn               y - ring of protection from cold

@: berserking (expiring), lethally poisoned (0 -> -5), strong-willed,
regenerating, slowed, lightly drained
A: large, unfitting armour, tough skin 1, deformed body
a: Renounce Religion, Berserk, Trog's Hand


You were on level 9 of the Dungeon.
You worshipped Trog.
Trog was most pleased with you.
You visited 1 branch of the dungeon, and saw 9 of its levels.

You collected 431 gold pieces.

Inventory:

Hand Weapons
 h - a +0 giant spiked club
 v - a +5 morningstar of holy wrath (weapon)
Missiles
 a - a throwing net (quivered)
Armour
 b - a +2 animal skin (worn)
Jewellery
 m - a +4 ring of protection (left hand)
 o - an amulet of guardian spirit (around neck)
 y - a ring of protection from cold (right hand)
Wands
 u - a wand of iceblast (11)
 w - a wand of flame (15)
Scrolls
 d - 2 scrolls of teleportation
 g - 3 scrolls of enchant armour
 j - 3 scrolls of identify
 t - a scroll of fear
Potions
 c - a potion of lignification
 e - 3 potions of heal wounds
 f - a potion of resistance
 i - 2 potions of haste
 k - 4 potions of berserk rage
 r - 3 potions of attraction
 z - 4 potions of curing
 B - 2 potions of might


   Skills:
 - Level 4.0 Fighting
 + Level 13.7 Maces & Flails
 - Level 2.6 Dodging


You had 9 spell levels left.
You didn't know any spells.
Your spell library was empty.

Dungeon Overview and Level Annotations

Branches:
Dungeon (10/15)            Temple (0/1) D:6
   Lair: D:8-11         Orc: D:9-12

Altars:
Cheibriados
Elyvilon
Hepliaklqana
Yredelemnul

Shops:
D:10 !


Innate Abilities, Weirdness & Mutations

You are too large for most types of armour.
You have tough skin. (AC +1)
Armour fits poorly on your strangely shaped body.


Message History

You feel strong-willed.
You feel extremely sick. The hornet misses you. The hornet stings you!
* * * LOW HITPOINT WARNING * * *
You feel as though you will be slow longer.
You feel much better.
You feel very sick. The hornet stings you.
You are more poisoned.
You feel as though you will be slow longer.
The hornet stings you but does no damage.
The hornet stings you!
* * * LOW HITPOINT WARNING * * *
You are more poisoned.
You suddenly lose the ability to move!
* * * LOW HITPOINT WARNING * * *
You feel extremely sick.
The hornet stings you but does no damage.
You can move again.
A red film seems to cover your vision as you go berserk!
You feel yourself moving faster!
You feel mighty!
You feel extremely sick. The hornet stings you!
* * * LOW HITPOINT WARNING * * *
You feel as though you will be slow longer.
The hornet stings you.
* * * LOW HITPOINT WARNING * * *
You feel as though you will be slow longer.
You barely miss the hornet.
The hornet is lightly wounded.
* * * LOW HITPOINT WARNING * * *
You feel very sick. The hornet completely misses you.
The hornet stings you but does no damage.
You puncture the hornet!
The hornet is heavily wounded.
* * * LOW HITPOINT WARNING * * *
You feel very sick. The hornet stings you!
You die...

.. #######.# #
##.....#.#.#
##..>.....#.#
#...........#
#..........#
#..........#
##.........#. .
.........@y..#...
..##...........#
..........>..#.#
##..............
##..........##.
#.............
.............P.
###.........P..
##.......P.P.


You could see a hornet.

Vanquished Creatures
  A two-headed ogre (D:10)
  2 kobold demonologists (D:10)
  A troll (D:10)
  Grinder (D:6)
  Sigmund (D:6)
  4 yaks (D:10)
  4 vampire mosquitoes (D:6)
  2 ogres
  2 black bears (D:6)
  2 phantoms (D:5)
  5 kobold brigands (D:10)
  Blork the orc (D:6)
  A necrophage (D:5)
  A scorpion (D:6)
  2 wights (D:9)
  5 hounds
  5 orc priests
  An iguana (D:4)
  3 orc wizards
  A gnoll (D:1)
  4 adders
  A white imp (D:5)
  An ufetubus (D:5)
  6 worms
  4 dart slugs
  21 orcs
  8 bats
  6 endoplasms
  2 giant cockroaches
  4 goblins
  8 hobgoblins
  9 jackals
  21 kobolds
  6 quokkas
  8 ball pythons
  3 frilled lizards
  8 rats
165 creatures vanquished.

Vanquished Creatures (others)
  3 fungi (D:9)
  5 plants (D:9)
8 creatures vanquished.

Grand Total: 173 creatures vanquished

Notes
Turn   | Place    | Note
-------+----------+-------------------------------------------
     0 | D:1      | bobbalam the Ogre Berserker began the quest for the Orb.
     0 | D:1      | Reached XP level 1. HP: 24/24 MP: 1/1
   154 | D:1      | Reached skill level 3 in Maces & Flails
   225 | D:1      | Found a faded altar of an unknown god.
   307 | D:1      | Reached XP level 2. HP: 28/32 MP: 2/2
   532 | D:1      | Reached XP level 3. HP: 26/39 MP: 3/3
  1123 | D:2      | Reached skill level 4 in Maces & Flails
  1228 | D:2      | Reached ** piety under Trog
  1527 | D:2      | Reached XP level 4. HP: 39/48 MP: 4/4
  2324 | D:3      | Reached skill level 5 in Maces & Flails
  2324 | D:3      | Reached XP level 5. HP: 54/54 MP: 5/5
  3283 | D:4      | Reached skill level 6 in Maces & Flails
  3283 | D:4      | Reached XP level 6. HP: 62/62 MP: 6/6
  3461 | D:4      | Found a hazy altar of Hepliaklqana.
  3590 | D:4      | Reached *** piety under Trog
  3927 | D:5      | Entered Level 5 of the Dungeon
  4104 | D:5      | Reached skill level 7 in Maces & Flails
  4106 | D:5      | Reached XP level 7. HP: 46/70 MP: 7/7
  4245 | D:4      | HP: 5/105 [orc/+2 morningstar of holy wrath (3)]
  4596 | D:4      | Found a basalt altar of Yredelemnul.
  5302 | D:5      | Reached skill level 8 in Maces & Flails
  5620 | D:6      | Reached XP level 8. HP: 50/78 MP: 8/8
  5825 | D:6      | Reached skill level 9 in Maces & Flails
  5832 | D:6      | Reached skill level 10 in Maces & Flails
  6177 | D:6      | Noticed Sigmund
  6188 | D:6      | Killed Sigmund
  6237 | D:6      | Found a white marble altar of Elyvilon.
  6263 | D:6      | Noticed Blork the orc
  6269 | D:6      | Killed Blork the orc
  6295 | D:6      | Gained mutation: You have hidden genetic potential. [potion
                  | of mutation]
  6295 | D:6      | Gained mutation: Armour fits poorly on your strangely
                  | shaped body. [potion of mutation]
  6295 | D:6      | Lost mutation: You have hidden genetic potential. [potion
                  | of mutation]
  6336 | D:6      | Reached XP level 9. HP: 59/84 MP: 9/9
  6558 | D:6      | Noticed Grinder
  6573 | D:6      | Killed Grinder
  6574 | D:6      | Reached skill level 11 in Maces & Flails
  7026 | D:6      | Found a staircase to the Ecumenical Temple.
  7350 | D:7      | You fall into a shaft and drop 3 floors!
  7350 | D:10     | Entered Level 10 of the Dungeon
  7350 | D:10     | Found a snail-covered altar of Cheibriados.
  7367 | D:10     | Noticed a two-headed ogre
  7373 | D:10     | Killed a two-headed ogre
  7374 | D:10     | Reached skill level 12 in Maces & Flails
  7526 | D:10     | Noticed a kobold demonologist
  7527 | D:10     | Noticed a red devil
  7535 | D:10     | Noticed a kobold demonologist
  7539 | D:10     | Killed a kobold demonologist
  7541 | D:10     | Noticed an orange demon
  7546 | D:10     | Killed a kobold demonologist
  7547 | D:10     | Reached skill level 13 in Maces & Flails
  7547 | D:10     | Reached XP level 10. HP: 92/92 MP: 7/10
  7800 | D:10     | Found Hoebyff's Distillery.
  8105 | D:9      | Paralysed by a hornet for 2 turns
  8109 | D:9      | HP: 5/136 [poisoned by a hornet]
  8109 | D:9      | Slain by a hornet

Illustrated notes

Levels and vault maps discovered:
D:1:      scummos_arrival_hexagon, layout_loops_corners,
          shapermc_ecumenical_altar_mp_vishouse
D:2:      layout_basic, minmay_vboxes
D:3:      layout_loops_ring, nicolae_wormholes
D:4:      minmay_recursive_quarters, layout_cave_pools,
          mainiacjoe_overflow_alcove_2, nzn_hepliaklqana_mist_gate
D:5:      layout_basic, minmay_misc_feat_encased
D:6:      layout_basic, mainiacjoe_overflow_brackets, temple_hall,
          uniq_blork_the_orc, uniq_sigmund, uniq_grinder
D:7:      lemuel_ice_spiral_2, layout_basic, lemuel_coloured_pillars_altar,
          hangedman_decor_diamond_cutter, grunt_decor_resistance,
          nicolae_eternal_life
D:9:      layout_rooms, makhleb_altar_promises_db,
          grunt_lair_entry_orc_guard_hut, zombieorc2_lemuel, minivault_16,
          uniq_amaemon
D:10:     cheibrodos_grave_circle, layout_basic, mainiacjoe_overflow_24_doors,
          mainiacjoe_overflow_two_lobes, serial_shops, kennysheep_mini,
          nicolae_shop_statue_plus, nicolae_shop_window_shopping, shop,
          uniq_erica

Skill      XL: |  1  2  3  4  5  6  7  8  9 |
---------------+----------------------------+-----
Maces & Flails | 3 4 5 6 7 8 10 13 | 13.7
Fighting       | |  4.0
Dodging        | |  2.6

Action                   |  1- 3 |  4- 6 |  7- 9 | 10-12 || total
-------------------------+-------+-------+-------+-------++-------
Melee: Mace              |    88 |   265 |    13 |       ||   366
       Punch             |     1 |     1 |     2 |       ||     4
       Morningstar       |       |       |   131 |    58 ||   189
Invok: Berserk           |       |     5 |     7 |     2 ||    14
       Trog's Hand       |       |     1 |     3 |     1 ||     5
  Use: Scroll            |       |       |    22 |     1 ||    23
       Potion            |       |       |     2 |     1 ||     3
Armor: Animal skin       |    59 |   128 |    67 |    16 ||   270
       Skin              |       |       |    13 |    32 ||    45
Dodge: Dodged            |    82 |   163 |    81 |    26 ||   352
